 Dungeon Crawl Stone Soup version 0.30-a0-743-gbfdf073431 (webtiles) character file.

Game seed: 13165480197276231347

21 Querens the Sneak (level 2, 0/13 HPs)
             Began as a Spriggan Enchanter on Feb 6, 2023.
             Slain by a worm (11 damage)
             ... on level 2 of the Dungeon.
             The game lasted 00:01:39 (629 turns).

Querens the Sneak (Spriggan Enchanter)               Turns: 629, Time: 00:01:40

Health: 0/13       AC:  2    Str:  4    XL:     2   Next: 65%
Magic:  7/7        EV: 17    Int: 16    God:
Gold:   24         SH:  0    Dex: 15    Spells: 5/7 levels left

rFire   . . .      SeeInvis +    a - +1 dagger
rCold   . . .      Faith    .    (no shield)
rNeg    . . .      Spirit   .    b - +0 robe
rPois   .          Reflect  .    (helmet restricted)
rElec   .          Harm     .    (no cloak)
rCorr   .          Rampage  .    (gloves unavailable)
Will    .....                    (boots unavailable)
Stlth   +++                      e - amulet of regeneration
HPRegen 1.02/turn                (no ring)
MPRegen 0.10/turn                (no ring)

@: very quick
A: very small, no large weapons, unfitting armour, see invisible, speed 3
a: no special abilities


You were on level 2 of the Dungeon.
You visited 1 branch of the dungeon, and saw 2 of its levels.

You collected 24 gold pieces.

Inventory:

Hand Weapons
 a - a +1 dagger (weapon)
Armour
 b - a +0 robe (worn)
Jewellery
 e - an amulet of regeneration (around neck)
Scrolls
 g - a scroll of identify {unknown}
 h - 2 scrolls of enchant weapon {unknown}
 i - a scroll of vulnerability {unknown}
Potions
 c - 2 potions of invisibility
 d - a potion of heal wounds {unknown}
 f - a potion of mutation {unknown}


   Skills:
 + Level 1.7 Short Blades
 + Level 3.2 Dodging
 - Level 4.4 Stealth
 + Level 3.1 Spellcasting
 + Level 4.0 Hexes


You had 5 spell levels left.
You knew the following spells:

 Your Spells              Type           Power      Damage    Failure   Level
a - Ensorcelled Hibernat  Hex/Ice        16%        N/A       12%         2

Your spell library contained the following spells:

 Spells                   Type           Power      Damage    Failure   Level
 Confusing Touch          Hex            15%        N/A       11%         3
 Tukima's Dance           Hex            15%        N/A       11%         3
 Dazzling Flash           Conj/Hex       16%        N/A       24%         3


Dungeon Overview and Level Annotations

Branches:
Dungeon (2/15)

Altars:


Innate Abilities, Weirdness & Mutations

You are very small and have problems with some larger weapons.
You are too small for most types of armour.
You have supernaturally acute eyesight. (SInv)
You cover ground extremely quickly. (Speed+++)


Message History

You hit the dart slug.
The dart slug is almost dead.
The dart slug launches a dart at you. The slug dart misses you.
You hit the dart slug but do no damage.
The dart slug is almost dead.
The goblin completely misses you. The dart slug launches a dart at you.
The slug dart hits you.
You hit the dart slug.
You kill the dart slug!
The goblin completely misses you.
Your Hexes skill increases to level 4!
You barely miss the goblin. The goblin hits you with a +0 club.
There is a stone staircase leading up here.
You hit the worm.
The worm is lightly wounded.
You hit the worm but do no damage.
The worm is lightly wounded.
The worm completely misses you.
You hit the worm.
The worm is moderately wounded.
You barely miss the worm.
The worm is moderately wounded.
The worm barely misses you.
You hit the worm but do no damage.
The worm is moderately wounded.
You hit the worm.
The worm is moderately wounded.
The worm closely misses you.
You hit the worm.
The worm is heavily wounded.
The worm bites you.
You barely miss the worm.
The worm is heavily wounded.
You hit the worm.
The worm is heavily wounded.
The worm bites you!
Ouch! That really hurt!
You die...

.....#
.^...#
.....#
.....#
.....#.
.......
####.......
#.@wg......
#.##.......
#. .......
#. .#+#.##
#. .# .. ##
## .


You could see a worm and a goblin.

Vanquished Creatures
  2 dart slugs
  A giant cockroach (D:1)
  A goblin (D:1)
  2 hobgoblins (D:1)
  3 jackals (D:1)
  A kobold (D:1)
  A quokka (D:1)
  4 bats (D:1)
  A rat (D:1)
16 creatures vanquished.

Notes
Turn   | Place    | Note
-------+----------+-------------------------------------------
     0 | D:1      | Querens the Spriggan Enchanter began the quest for the Orb.
     0 | D:1      | Reached XP level 1. HP: 9/9 MP: 5/5
   260 | D:1      | Reached XP level 2. HP: 13/13 MP: 6/6
   276 | D:1      | Learned a level 2 spell: Ensorcelled Hibernation
   393 | D:1      | Found a faded altar of an unknown god.
   629 | D:2      | Slain by a worm

Illustrated notes

Levels and vault maps discovered:
D:1:      dpeg_arrival_snail, layout_loops_ring,
          shapermc_ecumenical_altar_flowoftime
D:2:      minmay_inner_zag, layout_basic, wad_orctagon

Skill      XL: |  1  2 |
---------------+-------+-----
Dodging        | 3 |  3.2
Spellcasting   | 3 |  3.1
Hexes          | 4 |  4.0
Short Blades   | |  1.7
Stealth        | |  4.4

Action                     || total
---------------------------++-------
  Melee: Dagger            ||    63
   Stab: Sleeping          ||     4
         Distracted        ||     1
 Armour: Robe              ||     5
  Dodge: Dodged            ||    37

Table legend: (Time is in decaauts)
 A = Elapsed time spent in this place.
 B = Non-inter-level travel time spent in this place.
 C = Inter-level travel time spent in this place.
 D = Time resting spent in this place.
 E = Time spent auto-exploring this place.
 F = Levels seen in this place.
 G = Mean time per level.
                   A        B        C        D        E       F      G
               +--------+--------+--------+--------+--------+-----+--------+
         Total |    405 |    333 |     72 |      0 |      0 |   2 |  202.5 |
       Dungeon |    405 |    333 |     72 |      0 |      0 |   2 |  202.5 |
               +--------+--------+--------+--------+--------+-----+--------+

Top non-repeatable levels by time:
     D:1: 391 daAuts
     D:2: 14 daAuts
